[ PARTIDA AOE2 · #469486356 ]
UnrankedFrancos vs Ethiopians
[ ANÁLISIS DE REPETICIÓN · EXTRAÍDO DE LA PARTIDA GRABADA ]
Feudal
13:42
Castillos
24:29
Imperial
45:50
| APM promedio | 23.0 |
| APM pico | 59 |
| eAPM promedio | 14.7 |
| Aldeanos / militares | 173 / 135 |
Foco
⚔️ 27.6% · 🌾 72.4%
Knight ×100 · Scout Cavalry ×20 · Throwing Axeman ×14 · Trebuchet (Packed) ×1
Feudal
13:56
Castillos
18:05
Imperial
39:13
| APM promedio | 31.8 |
| APM pico | 75 |
| eAPM promedio | 20.0 |
| Aldeanos / militares | 197 / 384 |
Foco
⚔️ 40.2% · 🌾 59.8%
Berserk ×205 · Skirmisher ×166 · Trebuchet (Packed) ×6 · Mangonel ×3 · Scorpion ×3 · Battering Ram ×1
Feudal
13:22
Castillos
16:56
Imperial
40:49
| APM promedio | 36.5 |
| APM pico | 85 |
| eAPM promedio | 16.5 |
| Aldeanos / militares | 177 / 277 |
Foco
⚔️ 28.8% · 🌾 71.2%
Mangudai ×127 · Scout Cavalry ×98 · Steppe Lancer ×42 · Battering Ram ×6 · Mangonel ×3 · Monk ×1
Feudal
14:38
Castillos
26:30
Imperial
41:58
| APM promedio | 43.8 |
| APM pico | 91 |
| eAPM promedio | 20.5 |
| Aldeanos / militares | 134 / 292 |
Foco
⚔️ 37.8% · 🌾 62.2%
Militia ×146 · Spearman ×100 · Karambit Warrior ×43 · Monk ×2 · Battering Ram ×1
Feudal
13:22
Castillos
28:56
Imperial
47:09
| APM promedio | 41.3 |
| APM pico | 76 |
| eAPM promedio | 24.6 |
| Aldeanos / militares | 157 / 182 |
Foco
⚔️ 32.8% · 🌾 67.2%
Archer ×159 · Spearman ×17 · Battering Ram ×3 · Trebuchet (Packed) ×2 · Mangonel ×1
Feudal
15:32
Castillos
41:09
Imperial
—
| APM promedio | 18.7 |
| APM pico | 40 |
| eAPM promedio | 11.0 |
| Aldeanos / militares | 120 / 96 |
Foco
⚔️ 24.1% · 🌾 75.9%
Skirmisher ×51 · Eagle Scout ×40 · Spearman ×3 · Militia ×2
Feudal
14:25
Castillos
19:50
Imperial
39:42
| APM promedio | 29.7 |
| APM pico | 54 |
| eAPM promedio | 19.3 |
| Aldeanos / militares | 219 / 279 |
Foco
⚔️ 27.7% · 🌾 72.3%
Camel Scout ×236 · Unknown (1920) ×34 · Trebuchet (Packed) ×25 · Steppe Lancer ×18 · Unknown (1923) ×2
Feudal
15:30
Castillos
21:42
Imperial
43:51
| APM promedio | 28.0 |
| APM pico | 92 |
| eAPM promedio | 15.7 |
| Aldeanos / militares | 210 / 173 |
Foco
⚔️ 24.9% · 🌾 75.1%
Scout Cavalry ×58 · Knight ×49 · Cavalry Archer ×49 · Camel Scout ×8 · Kipchak ×5 · Trebuchet (Packed) ×4
Mapa de la partida
Recursos al inicio + cada clic de construcción. Línea gruesa = muro · recuadro discontinuo = muro de casas detectado. 🟡 oro · ⚪ piedra · 🟢 bayas · 🔶 jabalí · ⭕ reliquia
Inputs por minuto
— [iBR] tyyr ironside - - PNLN | RobiurasRox
Build order — [iBR] tyyr ironside
Primeras 150 de 467 acciones detectadas
| 0:38 | Construir | Town Center |
| 2:39 | Construir | House |
| 2:41 | Construir | House |
| 2:43 | Crear | Villager (Male) |
| 2:43 | Crear | Villager (Male) |
| 2:44 | Crear | Villager (Male) |
| 2:45 | Crear | Villager (Male) |
| 4:17 | Crear | Villager (Male) |
| 4:38 | Crear | Villager (Male) |
| 5:25 | Crear | Villager (Male) |
| 5:28 | Crear | Villager (Male) |
| 5:46 | Crear | Villager (Male) |
| 7:09 | Construir | House |
| 7:18 | Construir | Palisade Wall |
| 7:22 | Crear | Villager (Male) |
| 7:23 | Crear | Villager (Male) |
| 7:47 | Construir | House |
| 8:02 | Crear | Villager (Male) |
| 8:32 | Crear | Villager (Male) |
| 8:53 | Construir | Barracks |
| 9:00 | Crear | Villager (Male) |
| 9:16 | Crear | Villager (Male) |
| 9:34 | Crear | Villager (Male) |
| 9:43 | Construir | Lumber Camp |
| 10:10 | Crear | Villager (Male) |
| 10:38 | Crear | Villager (Male) |
| 10:43 | Investigar | Loom |
| 11:22 | Investigar | Feudal Age |
| 11:49 | Construir | Mining Camp |
| 12:15 | Construir | House |
| 13:29 | Crear | Villager (Male) |
| 13:31 | Crear | Villager (Male) |
| 13:42 | Edad | Edad Feudal |
| 13:45 | Construir | Stable |
| 13:49 | Investigar | Double-Bit Axe |
| 14:00 | Crear | Villager (Male) |
| 14:13 | Crear | Villager (Male) |
| 14:30 | Crear | Scout Cavalry |
| 14:31 | Crear | Scout Cavalry |
| 14:34 | Construir | House |
| 14:37 | Construir | House |
| 14:53 | Crear | Villager (Male) |
| 15:14 | Construir | Mill |
| 15:18 | Crear | Scout Cavalry |
| 15:49 | Crear | Scout Cavalry |
| 16:11 | Crear | Scout Cavalry |
| 16:17 | Crear | Villager (Male) |
| 16:23 | Construir | Farm |
| 16:23 | Construir | Farm |
| 16:24 | Construir | Farm |
| 16:24 | Construir | Farm |
| 16:24 | Construir | Farm |
| 16:25 | Construir | Farm |
| 16:25 | Construir | Farm |
| 16:25 | Construir | Farm |
| 16:26 | Construir | Farm |
| 16:26 | Construir | Farm |
| 17:23 | Crear | Villager (Male) |
| 17:29 | Construir | Farm |
| 18:04 | Construir | Market |
| 18:05 | Construir | House |
| 18:06 | Construir | House |
| 19:02 | Crear | Villager (Male) |
| 19:03 | Crear | Villager (Male) |
| 19:04 | Crear | Villager (Male) |
| 19:51 | Crear | Villager (Male) |
| 20:09 | Construir | House |
| 20:10 | Construir | House |
| 20:11 | Construir | House |
| 20:26 | Crear | Villager (Male) |
| 20:43 | Construir | Farm |
| 20:45 | Construir | Farm |
| 20:48 | Construir | Farm |
| 21:07 | Construir | House |
| 21:10 | Construir | House |
| 21:22 | Construir | Farm |
| 21:24 | Crear | Villager (Male) |
| 21:44 | Investigar | Castle Age |
| 22:25 | Crear | Villager (Male) |
| 22:25 | Crear | Villager (Male) |
| 22:30 | Construir | Stable |
| 22:42 | Construir | House |
| 23:22 | Investigar | Gold Mining |
| 23:45 | Construir | Blacksmith |
| 24:29 | Edad | Edad de los Castillos |
| 24:31 | Crear | Knight |
| 24:31 | Crear | Knight |
| 24:33 | Investigar | Scale Barding Armor |
| 24:43 | Construir | Town Center |
| 24:48 | Crear | Villager (Male) |
| 25:03 | Investigar | Husbandry |
| 25:22 | Crear | Knight |
| 25:25 | Crear | Knight |
| 25:34 | Crear | Villager (Male) |
| 25:58 | Crear | Knight |
| 26:01 | Crear | Villager (Male) |
| 26:11 | Construir | Lumber Camp |
| 26:15 | Crear | Villager (Male) |
| 26:20 | Crear | Knight |
| 26:33 | Crear | Knight |
| 26:51 | Crear | Villager (Male) |
| 26:57 | Crear | Villager (Male) |
| 26:59 | Crear | Villager (Male) |
| 27:44 | Construir | Farm |
| 27:46 | Construir | Farm |
| 27:48 | Investigar | Wheelbarrow |
| 27:51 | Crear | Villager (Male) |
| 28:20 | Crear | Villager (Male) |
| 28:21 | Crear | Villager (Male) |
| 28:31 | Construir | Farm |
| 28:35 | Crear | Knight |
| 28:36 | Crear | Knight |
| 28:39 | Crear | Villager (Male) |
| 28:56 | Construir | Farm |
| 29:29 | Crear | Villager (Male) |
| 29:30 | Crear | Villager (Male) |
| 29:31 | Crear | Villager (Male) |
| 29:32 | Crear | Villager (Male) |
| 29:33 | Crear | Villager (Male) |
| 29:35 | Construir | Farm |
| 29:35 | Construir | Farm |
| 29:35 | Construir | Farm |
| 29:38 | Crear | Villager (Male) |
| 29:42 | Crear | Knight |
| 29:57 | Crear | Villager (Male) |
| 30:23 | Construir | Town Center |
| 30:26 | Crear | Villager (Male) |
| 30:33 | Construir | Farm |
| 30:33 | Construir | Farm |
| 30:33 | Construir | Farm |
| 30:36 | Crear | Villager (Male) |
| 30:40 | Crear | Knight |
| 30:40 | Crear | Knight |
| 30:41 | Crear | Knight |
| 30:41 | Crear | Knight |
| 31:10 | Crear | Knight |
| 31:10 | Crear | Knight |
| 31:20 | Investigar | Forging |
| 31:24 | Crear | Villager (Male) |
| 31:27 | Crear | Villager (Male) |
| 31:34 | Crear | Villager (Male) |
| 32:05 | Crear | Knight |
| 32:06 | Crear | Knight |
| 32:15 | Construir | Farm |
| 32:17 | Construir | Farm |
| 32:17 | Construir | Farm |
| 32:18 | Construir | Farm |
| 32:18 | Construir | Farm |
| 32:18 | Construir | Farm |
| 32:20 | Crear | Villager (Male) |
Build order — PNLN | RobiurasRox
Primeras 150 de 597 acciones detectadas
| 0:56 | Construir | Town Center |
| 2:43 | Construir | House |
| 2:50 | Construir | House |
| 3:13 | Crear | Villager (Male) |
| 3:13 | Crear | Villager (Male) |
| 3:13 | Crear | Villager (Male) |
| 3:13 | Crear | Villager (Male) |
| 4:54 | Crear | Villager (Male) |
| 4:55 | Crear | Villager (Male) |
| 4:55 | Crear | Villager (Male) |
| 5:36 | Construir | Lumber Camp |
| 5:43 | Crear | Villager (Male) |
| 5:43 | Crear | Villager (Male) |
| 5:44 | Crear | Villager (Male) |
| 5:53 | Construir | House |
| 6:37 | Construir | House |
| 6:39 | Crear | Villager (Male) |
| 6:39 | Crear | Villager (Male) |
| 7:02 | Crear | Villager (Male) |
| 7:03 | Crear | Villager (Male) |
| 7:26 | Construir | House |
| 7:58 | Crear | Villager (Male) |
| 7:58 | Crear | Villager (Male) |
| 8:23 | Crear | Villager (Male) |
| 8:24 | Crear | Villager (Male) |
| 8:26 | Construir | House |
| 8:35 | Construir | House |
| 8:49 | Construir | House |
| 9:06 | Construir | House |
| 9:16 | Crear | Villager (Male) |
| 9:17 | Crear | Villager (Male) |
| 9:17 | Crear | Villager (Male) |
| 9:17 | Crear | Villager (Male) |
| 9:31 | Crear | Villager (Male) |
| 9:48 | Construir | Mill |
| 10:20 | Crear | Villager (Male) |
| 10:21 | Investigar | Loom |
| 11:12 | Construir | House |
| 11:22 | Construir | Mining Camp |
| 11:44 | Investigar | Feudal Age |
| 12:04 | Construir | House |
| 12:08 | Construir | Palisade Wall |
| 13:39 | Construir | Palisade Wall |
| 13:56 | Edad | Edad Feudal |
| 13:59 | Crear | Villager (Male) |
| 14:00 | Crear | Villager (Male) |
| 14:01 | Construir | Blacksmith |
| 14:05 | Construir | Market |
| 14:55 | Construir | House |
| 15:00 | Investigar | Town Watch |
| 15:20 | Investigar | Castle Age |
| 15:31 | Construir | House |
| 15:32 | Construir | House |
| 15:36 | Construir | Palisade Gate |
| 15:38 | Construir | Palisade Wall |
| 16:34 | Construir | House |
| 16:45 | Construir | House |
| 17:24 | Construir | House |
| 17:26 | Construir | Palisade Wall |
| 17:32 | Construir | Palisade Wall |
| 17:59 | Crear | Villager (Male) |
| 18:05 | Edad | Edad de los Castillos |
| 18:09 | Construir | Town Center |
| 18:12 | Construir | Palisade Wall |
| 18:18 | Construir | Palisade Wall |
| 18:20 | Crear | Villager (Male) |
| 18:59 | Construir | Town Center |
| 19:00 | Crear | Villager (Male) |
| 19:24 | Construir | Palisade Wall |
| 19:27 | Crear | Villager (Male) |
| 19:28 | Crear | Villager (Male) |
| 19:31 | Crear | Villager (Male) |
| 19:35 | Crear | Villager (Male) |
| 19:43 | Construir | House |
| 19:50 | Construir | House |
| 19:59 | Crear | Villager (Male) |
| 19:59 | Crear | Villager (Male) |
| 20:04 | Investigar | Double-Bit Axe |
| 20:21 | Crear | Villager (Male) |
| 20:25 | Construir | Palisade Wall |
| 20:30 | Crear | Villager (Male) |
| 20:33 | Construir | House |
| 20:44 | Crear | Villager (Male) |
| 20:47 | Construir | Farm |
| 20:49 | Construir | Farm |
| 20:53 | Construir | Farm |
| 20:55 | Crear | Villager (Male) |
| 20:55 | Crear | Villager (Male) |
| 20:56 | Crear | Villager (Male) |
| 21:06 | Crear | Villager (Male) |
| 21:06 | Crear | Villager (Male) |
| 21:11 | Construir | House |
| 21:16 | Construir | House |
| 21:20 | Construir | Farm |
| 21:46 | Construir | Farm |
| 21:47 | Construir | Farm |
| 21:50 | Crear | Villager (Male) |
| 21:50 | Crear | Villager (Male) |
| 21:50 | Crear | Villager (Male) |
| 21:50 | Crear | Villager (Male) |
| 21:54 | Construir | Farm |
| 22:09 | Crear | Villager (Male) |
| 22:09 | Crear | Villager (Male) |
| 22:16 | Construir | House |
| 22:31 | Crear | Villager (Male) |
| 22:31 | Crear | Villager (Male) |
| 22:31 | Crear | Villager (Male) |
| 22:35 | Construir | Farm |
| 22:36 | Construir | Farm |
| 22:45 | Construir | Farm |
| 22:47 | Construir | Farm |
| 22:55 | Construir | House |
| 22:56 | Crear | Villager (Male) |
| 22:57 | Crear | Villager (Male) |
| 22:57 | Crear | Villager (Male) |
| 22:57 | Crear | Villager (Male) |
| 22:57 | Crear | Villager (Male) |
| 22:58 | Crear | Villager (Male) |
| 23:27 | Construir | House |
| 23:33 | Construir | House |
| 23:39 | Crear | Villager (Male) |
| 23:39 | Crear | Villager (Male) |
| 23:46 | Construir | Farm |
| 23:48 | Construir | Farm |
| 23:55 | Crear | Villager (Male) |
| 23:55 | Crear | Villager (Male) |
| 23:59 | Construir | Farm |
| 24:04 | Crear | Villager (Male) |
| 24:04 | Crear | Villager (Male) |
| 24:04 | Crear | Villager (Male) |
| 24:04 | Crear | Villager (Male) |
| 24:10 | Construir | House |
| 24:23 | Construir | Castle |
| 24:32 | Crear | Villager (Male) |
| 24:32 | Crear | Villager (Male) |
| 24:32 | Crear | Villager (Male) |
| 24:33 | Crear | Villager (Male) |
| 24:38 | Construir | Farm |
| 24:44 | Construir | House |
| 25:01 | Construir | Farm |
| 25:03 | Construir | Farm |
| 25:09 | Construir | Farm |
| 25:11 | Construir | Farm |
| 25:14 | Investigar | Bow Saw |
| 25:18 | Crear | Villager (Male) |
| 25:19 | Crear | Villager (Male) |
| 25:19 | Crear | Villager (Male) |
| 25:26 | Investigar | Horse Collar |
| 25:26 | Investigar | Horse Collar |
| 25:28 | Crear | Berserk |
Build order — PNLN | Maromba_aoe
Primeras 150 de 453 acciones detectadas
| 0:22 | Construir | Town Center |
| 2:24 | Crear | Villager (Male) |
| 2:24 | Crear | Villager (Male) |
| 2:24 | Crear | Villager (Male) |
| 2:24 | Crear | Villager (Male) |
| 3:16 | Investigar | Loom |
| 3:20 | Construir | House |
| 3:31 | Crear | Villager (Male) |
| 3:31 | Crear | Villager (Male) |
| 4:18 | Crear | Villager (Male) |
| 4:18 | Crear | Villager (Male) |
| 4:18 | Crear | Villager (Male) |
| 4:19 | Crear | Villager (Male) |
| 5:04 | Construir | Lumber Camp |
| 5:07 | Construir | House |
| 5:17 | Crear | Villager (Male) |
| 5:17 | Crear | Villager (Male) |
| 5:37 | Construir | House |
| 5:50 | Construir | House |
| 6:15 | Crear | Villager (Male) |
| 6:25 | Construir | House |
| 6:43 | Crear | Villager (Male) |
| 6:52 | Construir | House |
| 7:26 | Crear | Villager (Male) |
| 7:42 | Crear | Villager (Male) |
| 7:56 | Construir | Mill |
| 8:01 | Crear | Villager (Male) |
| 8:23 | Construir | House |
| 8:31 | Crear | Villager (Male) |
| 8:31 | Crear | Villager (Male) |
| 8:57 | Construir | House |
| 9:30 | Crear | Villager (Male) |
| 9:35 | Construir | Mining Camp |
| 10:16 | Investigar | Feudal Age |
| 10:22 | Crear | Villager (Male) |
| 10:23 | Crear | Villager (Male) |
| 10:58 | Construir | House |
| 11:12 | Investigar | Feudal Age |
| 11:23 | Crear | Villager (Male) |
| 11:23 | Crear | Villager (Male) |
| 11:28 | Construir | House |
| 11:35 | Construir | House |
| 13:22 | Edad | Edad Feudal |
| 13:24 | Construir | Market |
| 13:28 | Construir | Blacksmith |
| 14:16 | Investigar | Castle Age |
| 14:27 | Construir | Palisade Wall |
| 14:30 | Construir | Palisade Wall |
| 14:33 | Construir | Palisade Wall |
| 14:41 | Construir | Building 804 |
| 14:46 | Construir | Palisade Wall |
| 15:00 | Construir | Building 800 |
| 15:04 | Construir | Palisade Wall |
| 15:05 | Construir | Palisade Wall |
| 15:12 | Investigar | Double-Bit Axe |
| 15:14 | Investigar | Horse Collar |
| 15:16 | Construir | House |
| 15:18 | Construir | House |
| 15:29 | Investigar | Fletching |
| 15:56 | Construir | Farm |
| 16:01 | Construir | Farm |
| 16:04 | Construir | Farm |
| 16:13 | Construir | Farm |
| 16:20 | Construir | Farm |
| 16:24 | Construir | Farm |
| 16:39 | Crear | Villager (Male) |
| 16:56 | Edad | Edad de los Castillos |
| 17:12 | Construir | Castle |
| 17:27 | Construir | Farm |
| 17:28 | Crear | Villager (Male) |
| 17:35 | Construir | Farm |
| 17:40 | Construir | Farm |
| 17:44 | Construir | Farm |
| 17:52 | Construir | Farm |
| 17:54 | Crear | Villager (Male) |
| 18:10 | Construir | Farm |
| 18:33 | Crear | Villager (Male) |
| 18:35 | Crear | Villager (Male) |
| 18:38 | Crear | Mangudai |
| 18:39 | Crear | Mangudai |
| 19:20 | Crear | Villager (Male) |
| 19:26 | Crear | Mangudai |
| 19:39 | Crear | Villager (Male) |
| 19:52 | Crear | Mangudai |
| 20:25 | Crear | Villager (Male) |
| 20:26 | Crear | Villager (Male) |
| 20:38 | Construir | Town Center |
| 20:42 | Crear | Villager (Male) |
| 20:48 | Construir | House |
| 20:58 | Crear | Villager (Male) |
| 21:03 | Investigar | Bodkin Arrow |
| 21:10 | Crear | Villager (Male) |
| 21:10 | Crear | Villager (Male) |
| 21:50 | Crear | Villager (Male) |
| 21:51 | Crear | Villager (Male) |
| 21:52 | Crear | Mangudai |
| 21:52 | Crear | Mangudai |
| 22:05 | Crear | Villager (Male) |
| 22:42 | Crear | Villager (Male) |
| 22:42 | Crear | Villager (Male) |
| 22:46 | Crear | Mangudai |
| 22:48 | Investigar | Padded Archer Armor |
| 22:54 | Construir | Farm |
| 22:55 | Crear | Villager (Male) |
| 22:56 | Crear | Villager (Male) |
| 23:05 | Crear | Villager (Male) |
| 23:05 | Crear | Villager (Male) |
| 23:32 | Crear | Villager (Male) |
| 23:33 | Crear | Villager (Male) |
| 23:41 | Investigar | Leather Archer Armor |
| 23:45 | Crear | Villager (Male) |
| 24:29 | Crear | Villager (Male) |
| 24:30 | Crear | Villager (Male) |
| 24:30 | Investigar | Wheelbarrow |
| 24:57 | Crear | Villager (Male) |
| 24:57 | Crear | Villager (Male) |
| 24:59 | Crear | Mangudai |
| 24:59 | Crear | Mangudai |
| 25:08 | Construir | Mining Camp |
| 25:16 | Crear | Mangudai |
| 25:18 | Crear | Villager (Male) |
| 25:18 | Crear | Villager (Male) |
| 25:18 | Crear | Villager (Male) |
| 25:41 | Crear | Mangudai |
| 25:42 | Crear | Villager (Male) |
| 25:43 | Crear | Villager (Male) |
| 26:01 | Construir | Barracks |
| 26:03 | Crear | Villager (Male) |
| 26:04 | Crear | Mangudai |
| 26:21 | Crear | Mangudai |
| 26:22 | Crear | Villager (Male) |
| 26:23 | Crear | Villager (Male) |
| 26:23 | Crear | Villager (Male) |
| 26:31 | Construir | Mining Camp |
| 26:37 | Crear | Villager (Male) |
| 26:43 | Construir | House |
| 26:47 | Construir | House |
| 26:47 | Construir | House |
| 26:47 | Construir | House |
| 26:47 | Construir | House |
| 26:48 | Construir | House |
| 26:56 | Crear | Mangudai |
| 27:13 | Construir | Stable |
| 27:14 | Construir | Farm |
| 27:15 | Construir | Farm |
| 27:17 | Crear | Villager (Male) |
| 27:17 | Crear | Villager (Male) |
| 27:29 | Crear | Villager (Male) |
| 27:29 | Crear | Villager (Male) |
| 27:29 | Crear | Villager (Male) |
Build order — FFandangos
Primeras 150 de 623 acciones detectadas
| 1:13 | Construir | Town Center |
| 2:41 | Construir | House |
| 3:47 | Crear | Villager (Male) |
| 3:47 | Crear | Villager (Male) |
| 3:47 | Crear | Villager (Male) |
| 3:47 | Crear | Villager (Male) |
| 3:47 | Crear | Villager (Male) |
| 3:48 | Crear | Villager (Male) |
| 5:05 | Construir | House |
| 5:45 | Crear | Villager (Male) |
| 6:41 | Crear | Villager (Male) |
| 6:41 | Crear | Villager (Male) |
| 7:11 | Crear | Villager (Male) |
| 7:11 | Crear | Villager (Male) |
| 7:12 | Crear | Villager (Male) |
| 7:48 | Crear | Villager (Male) |
| 7:48 | Crear | Villager (Male) |
| 8:05 | Construir | House |
| 8:27 | Crear | Villager (Male) |
| 8:27 | Crear | Villager (Male) |
| 8:56 | Crear | Villager (Male) |
| 8:57 | Crear | Villager (Male) |
| 8:57 | Crear | Villager (Male) |
| 8:57 | Crear | Villager (Male) |
| 9:42 | Crear | Villager (Male) |
| 10:18 | Crear | Villager (Male) |
| 11:23 | Crear | Villager (Male) |
| 11:25 | Crear | Villager (Male) |
| 11:39 | Investigar | Loom |
| 12:07 | Construir | Lumber Camp |
| 12:31 | Construir | Mining Camp |
| 13:20 | Investigar | Feudal Age |
| 14:13 | Construir | Mill |
| 14:18 | Crear | Villager (Male) |
| 14:21 | Crear | Villager (Male) |
| 14:38 | Edad | Edad Feudal |
| 14:52 | Construir | Blacksmith |
| 15:09 | Construir | House |
| 15:27 | Investigar | Double-Bit Axe |
| 16:10 | Construir | Barracks |
| 16:51 | Construir | Farm |
| 16:51 | Construir | Farm |
| 16:51 | Construir | Farm |
| 16:52 | Construir | Farm |
| 16:52 | Construir | Farm |
| 16:52 | Construir | Farm |
| 17:13 | Investigar | Horse Collar |
| 17:26 | Crear | Villager (Male) |
| 17:26 | Crear | Villager (Male) |
| 17:27 | Crear | Villager (Male) |
| 17:34 | Construir | Barracks |
| 18:33 | Crear | Villager (Male) |
| 18:34 | Crear | Villager (Male) |
| 18:35 | Crear | Villager (Male) |
| 18:35 | Crear | Villager (Male) |
| 18:36 | Crear | Villager (Male) |
| 18:36 | Crear | Villager (Male) |
| 18:36 | Crear | Villager (Male) |
| 18:57 | Construir | Mining Camp |
| 19:12 | Construir | Market |
| 19:21 | Construir | House |
| 19:45 | Construir | House |
| 19:47 | Construir | House |
| 19:49 | Construir | House |
| 19:54 | Construir | House |
| 20:24 | Construir | Farm |
| 20:25 | Construir | Farm |
| 20:25 | Construir | Farm |
| 20:25 | Construir | Farm |
| 20:25 | Construir | Farm |
| 20:25 | Construir | Farm |
| 20:25 | Construir | Farm |
| 20:26 | Construir | Farm |
| 20:26 | Construir | Farm |
| 20:51 | Investigar | Man-at-Arms (upgrade) |
| 20:51 | Crear | Militia |
| 20:51 | Crear | Militia |
| 21:06 | Crear | Villager (Male) |
| 21:06 | Crear | Villager (Male) |
| 21:06 | Crear | Villager (Male) |
| 21:19 | Construir | Lumber Camp |
| 21:27 | Construir | Farm |
| 21:28 | Construir | Farm |
| 21:28 | Construir | Farm |
| 21:28 | Construir | Farm |
| 22:04 | Construir | Farm |
| 22:06 | Construir | Farm |
| 22:14 | Crear | Villager (Male) |
| 22:15 | Crear | Villager (Male) |
| 22:15 | Crear | Villager (Male) |
| 22:15 | Crear | Villager (Male) |
| 22:38 | Construir | Farm |
| 22:38 | Construir | Farm |
| 22:45 | Construir | Farm |
| 22:45 | Construir | Farm |
| 22:51 | Crear | Villager (Male) |
| 23:32 | Construir | Farm |
| 23:33 | Construir | Farm |
| 24:02 | Crear | Villager (Male) |
| 24:16 | Construir | Farm |
| 24:17 | Construir | Farm |
| 24:54 | Investigar | Castle Age |
| 25:30 | Crear | Militia |
| 25:40 | Crear | Villager (Male) |
| 25:40 | Crear | Villager (Male) |
| 25:40 | Crear | Villager (Male) |
| 25:41 | Crear | Villager (Male) |
| 25:50 | Crear | Militia |
| 25:50 | Crear | Militia |
| 25:50 | Crear | Militia |
| 25:51 | Crear | Militia |
| 26:30 | Edad | Edad de los Castillos |
| 26:34 | Investigar | Wheelbarrow |
| 26:46 | Construir | Town Center |
| 26:58 | Crear | Villager (Male) |
| 26:59 | Crear | Villager (Male) |
| 27:02 | Investigar | Long Swordsman (upgrade) |
| 27:05 | Investigar | Scale Barding Armor |
| 27:08 | Investigar | Forging |
| 27:24 | Crear | Villager (Male) |
| 27:58 | Crear | Militia |
| 27:59 | Crear | Militia |
| 27:59 | Crear | Militia |
| 27:59 | Crear | Militia |
| 27:59 | Crear | Militia |
| 28:07 | Crear | Militia |
| 28:08 | Crear | Militia |
| 28:08 | Crear | Militia |
| 28:16 | Crear | Spearman |
| 28:17 | Crear | Spearman |
| 28:17 | Crear | Spearman |
| 29:06 | Crear | Villager (Male) |
| 29:06 | Crear | Villager (Male) |
| 29:06 | Crear | Villager (Male) |
| 29:07 | Crear | Villager (Male) |
| 29:11 | Crear | Villager (Male) |
| 29:11 | Crear | Villager (Male) |
| 29:23 | Investigar | Arson |
| 29:23 | Investigar | Squires |
| 29:54 | Construir | House |
| 29:55 | Construir | House |
| 29:56 | Construir | House |
| 29:57 | Construir | House |
| 30:00 | Construir | House |
| 30:01 | Construir | House |
| 30:05 | Construir | House |
| 30:06 | Construir | House |
| 30:10 | Investigar | Bow Saw |
| 30:12 | Investigar | Heavy Plow |
| 30:56 | Investigar | Squires |
Build order — BiduZera_
Primeras 150 de 559 acciones detectadas
| 0:33 | Construir | Town Center |
| 2:38 | Crear | Villager (Male) |
| 2:45 | Construir | House |
| 2:47 | Crear | Villager (Male) |
| 3:38 | Crear | Villager (Male) |
| 3:39 | Crear | Villager (Male) |
| 3:39 | Crear | Villager (Male) |
| 4:20 | Crear | Villager (Male) |
| 4:29 | Construir | Outpost |
| 4:39 | Construir | House |
| 4:46 | Crear | Villager (Male) |
| 5:05 | Crear | Villager (Male) |
| 5:41 | Crear | Villager (Male) |
| 5:55 | Crear | Villager (Male) |
| 6:26 | Crear | Villager (Male) |
| 6:42 | Construir | House |
| 6:46 | Construir | Mill |
| 6:48 | Crear | Villager (Male) |
| 6:49 | Crear | Villager (Male) |
| 6:57 | Crear | Villager (Male) |
| 6:57 | Crear | Villager (Male) |
| 6:57 | Crear | Villager (Male) |
| 7:52 | Construir | House |
| 8:09 | Crear | Villager (Male) |
| 8:09 | Crear | Villager (Male) |
| 8:42 | Crear | Villager (Male) |
| 8:48 | Construir | Farm |
| 8:49 | Construir | Farm |
| 9:01 | Construir | Mill |
| 9:03 | Crear | Villager (Male) |
| 9:27 | Construir | House |
| 9:29 | Construir | Palisade Wall |
| 9:49 | Crear | Villager (Male) |
| 9:58 | Construir | House |
| 10:08 | Construir | Outpost |
| 10:13 | Investigar | Loom |
| 10:17 | Construir | Outpost |
| 10:47 | Crear | Villager (Male) |
| 10:50 | Construir | Lumber Camp |
| 11:12 | Investigar | Feudal Age |
| 12:03 | Construir | Mining Camp |
| 12:55 | Construir | Barracks |
| 13:10 | Crear | Villager (Male) |
| 13:22 | Edad | Edad Feudal |
| 13:25 | Investigar | Double-Bit Axe |
| 13:30 | Construir | Watch Tower |
| 13:57 | Crear | Villager (Male) |
| 14:02 | Construir | Archery Range |
| 14:03 | Crear | Villager (Male) |
| 14:06 | Crear | Spearman |
| 14:37 | Construir | House |
| 14:40 | Crear | Villager (Male) |
| 14:50 | Crear | Villager (Male) |
| 14:53 | Crear | Archer |
| 15:07 | Construir | Mining Camp |
| 15:08 | Crear | Villager (Male) |
| 15:14 | Crear | Archer |
| 15:16 | Crear | Villager (Male) |
| 15:39 | Crear | Archer |
| 15:51 | Crear | Archer |
| 16:01 | Crear | Archer |
| 16:19 | Crear | Villager (Male) |
| 16:22 | Crear | Archer |
| 16:36 | Construir | Blacksmith |
| 16:50 | Crear | Archer |
| 16:53 | Crear | Villager (Male) |
| 16:54 | Investigar | Town Watch |
| 16:57 | Construir | House |
| 17:06 | Crear | Archer |
| 17:27 | Crear | Villager (Male) |
| 17:34 | Crear | Spearman |
| 17:47 | Crear | Archer |
| 17:56 | Construir | Archery Range |
| 17:58 | Construir | Palisade Wall |
| 17:59 | Crear | Villager (Male) |
| 18:07 | Construir | Farm |
| 18:10 | Construir | Farm |
| 18:10 | Construir | Farm |
| 18:11 | Construir | Farm |
| 18:15 | Construir | Lumber Camp |
| 18:17 | Crear | Villager (Male) |
| 18:18 | Crear | Archer |
| 18:22 | Crear | Spearman |
| 18:44 | Crear | Spearman |
| 18:59 | Construir | Farm |
| 19:12 | Crear | Archer |
| 19:12 | Crear | Archer |
| 19:13 | Crear | Villager (Male) |
| 19:19 | Construir | Lumber Camp |
| 19:26 | Investigar | Fletching |
| 19:32 | Construir | Farm |
| 19:50 | Construir | House |
| 20:01 | Crear | Villager (Male) |
| 20:19 | Construir | House |
| 20:21 | Crear | Archer |
| 20:21 | Crear | Archer |
| 20:23 | Crear | Villager (Male) |
| 20:28 | Construir | Lumber Camp |
| 20:32 | Construir | Farm |
| 20:35 | Crear | Villager (Male) |
| 20:52 | Construir | House |
| 20:54 | Crear | Archer |
| 21:17 | Crear | Villager (Male) |
| 21:40 | Crear | Villager (Male) |
| 21:58 | Crear | Archer |
| 22:01 | Construir | Farm |
| 22:07 | Construir | Farm |
| 22:23 | Crear | Villager (Male) |
| 22:41 | Crear | Villager (Male) |
| 22:46 | Construir | Farm |
| 22:53 | Construir | Farm |
| 22:53 | Construir | Farm |
| 22:59 | Construir | Farm |
| 23:01 | Construir | Farm |
| 23:02 | Construir | Farm |
| 23:02 | Crear | Villager (Male) |
| 23:07 | Crear | Archer |
| 23:07 | Crear | Archer |
| 23:38 | Crear | Villager (Male) |
| 23:59 | Construir | Farm |
| 24:02 | Crear | Villager (Male) |
| 24:10 | Construir | Watch Tower |
| 24:30 | Crear | Villager (Male) |
| 24:52 | Crear | Archer |
| 24:52 | Crear | Archer |
| 24:54 | Construir | Market |
| 24:57 | Crear | Villager (Male) |
| 24:59 | Crear | Villager (Male) |
| 25:15 | Construir | Stone Wall |
| 25:16 | Construir | Stone Wall |
| 25:38 | Crear | Archer |
| 25:38 | Crear | Archer |
| 25:51 | Crear | Villager (Male) |
| 26:13 | Investigar | Castle Age |
| 26:35 | Construir | Watch Tower |
| 26:38 | Crear | Archer |
| 26:39 | Crear | Archer |
| 26:46 | Construir | House |
| 26:50 | Construir | House |
| 26:57 | Construir | House |
| 27:01 | Construir | House |
| 27:04 | Construir | Stone Wall |
| 27:07 | Construir | Stone Wall |
| 27:08 | Construir | Stone Wall |
| 27:35 | Crear | Archer |
| 27:35 | Crear | Archer |
| 27:41 | Crear | Archer |
| 27:53 | Investigar | Horse Collar |
| 28:14 | Crear | Archer |
| 28:14 | Crear | Archer |
Build order — PUMIO
Primeras 150 de 320 acciones detectadas
| 1:20 | Construir | Town Center |
| 3:08 | Construir | House |
| 3:38 | Crear | Villager (Male) |
| 3:39 | Crear | Villager (Male) |
| 3:39 | Crear | Villager (Male) |
| 3:39 | Crear | Villager (Male) |
| 3:39 | Crear | Villager (Male) |
| 3:40 | Crear | Villager (Male) |
| 3:59 | Construir | House |
| 5:50 | Crear | Villager (Male) |
| 5:51 | Crear | Villager (Male) |
| 5:51 | Crear | Villager (Male) |
| 6:17 | Crear | Villager (Male) |
| 6:18 | Crear | Villager (Male) |
| 6:52 | Crear | Villager (Male) |
| 6:54 | Crear | Villager (Male) |
| 6:54 | Crear | Villager (Male) |
| 7:30 | Construir | House |
| 7:56 | Crear | Villager (Male) |
| 7:57 | Crear | Villager (Male) |
| 8:05 | Construir | House |
| 8:17 | Crear | Villager (Male) |
| 8:17 | Crear | Villager (Male) |
| 8:17 | Crear | Villager (Male) |
| 8:18 | Crear | Villager (Male) |
| 8:18 | Crear | Villager (Male) |
| 9:03 | Crear | Villager (Male) |
| 9:04 | Crear | Villager (Male) |
| 9:32 | Construir | Barracks |
| 9:42 | Crear | Villager (Male) |
| 10:04 | Construir | Mill |
| 10:10 | Crear | Villager (Male) |
| 10:40 | Crear | Villager (Male) |
| 10:55 | Construir | Farm |
| 10:56 | Construir | Farm |
| 11:13 | Crear | Villager (Male) |
| 11:25 | Crear | Villager (Male) |
| 11:37 | Construir | Mill |
| 11:55 | Construir | Farm |
| 12:05 | Construir | Farm |
| 12:18 | Investigar | Loom |
| 12:29 | Construir | Farm |
| 12:46 | Construir | Farm |
| 13:16 | Construir | House |
| 13:22 | Investigar | Feudal Age |
| 13:23 | Investigar | Feudal Age |
| 13:40 | Construir | Mining Camp |
| 13:59 | Construir | House |
| 14:07 | Construir | Palisade Wall |
| 14:12 | Crear | Villager (Male) |
| 14:47 | Construir | House |
| 15:32 | Edad | Edad Feudal |
| 15:34 | Construir | Lumber Camp |
| 16:50 | Construir | Palisade Wall |
| 17:07 | Construir | Watch Tower |
| 17:31 | Construir | House |
| 17:33 | Construir | House |
| 17:46 | Crear | Villager (Male) |
| 17:46 | Crear | Villager (Male) |
| 17:47 | Crear | Villager (Male) |
| 17:47 | Crear | Villager (Male) |
| 17:47 | Crear | Villager (Male) |
| 17:47 | Crear | Villager (Male) |
| 18:24 | Crear | Villager (Male) |
| 18:24 | Crear | Villager (Male) |
| 18:41 | Crear | Villager (Male) |
| 18:56 | Construir | Archery Range |
| 19:01 | Construir | House |
| 19:09 | Crear | Villager (Male) |
| 19:47 | Crear | Skirmisher |
| 19:47 | Crear | Skirmisher |
| 19:47 | Crear | Skirmisher |
| 20:07 | Construir | House |
| 20:12 | Construir | House |
| 20:17 | Crear | Villager (Male) |
| 20:18 | Crear | Villager (Male) |
| 20:28 | Crear | Skirmisher |
| 20:29 | Crear | Skirmisher |
| 20:50 | Crear | Skirmisher |
| 21:29 | Crear | Skirmisher |
| 21:48 | Crear | Skirmisher |
| 21:49 | Crear | Villager (Male) |
| 21:52 | Crear | Villager (Male) |
| 21:56 | Crear | Villager (Male) |
| 22:29 | Investigar | Double-Bit Axe |
| 22:30 | Crear | Militia |
| 23:16 | Construir | House |
| 23:22 | Crear | Skirmisher |
| 23:22 | Crear | Skirmisher |
| 23:47 | Construir | Archery Range |
| 23:56 | Crear | Skirmisher |
| 23:57 | Crear | Skirmisher |
| 24:08 | Crear | Villager (Male) |
| 24:09 | Crear | Villager (Male) |
| 24:09 | Crear | Villager (Male) |
| 24:10 | Crear | Villager (Male) |
| 24:53 | Crear | Skirmisher ×4 |
| 25:36 | Construir | Farm |
| 25:38 | Construir | Farm |
| 25:39 | Construir | Farm |
| 25:44 | Construir | Farm |
| 25:45 | Construir | Farm |
| 25:57 | Crear | Skirmisher ×2 |
| 26:27 | Construir | Blacksmith |
| 26:34 | Crear | Skirmisher |
| 26:48 | Construir | House |
| 26:50 | Construir | House |
| 26:51 | Construir | House |
| 27:32 | Crear | Villager (Male) |
| 27:32 | Crear | Villager (Male) |
| 27:40 | Construir | Farm |
| 27:41 | Construir | Farm |
| 27:43 | Construir | Farm |
| 27:45 | Construir | Farm |
| 29:05 | Investigar | Padded Archer Armor |
| 29:32 | Crear | Villager (Male) |
| 29:33 | Crear | Villager (Male) |
| 29:34 | Crear | Villager (Male) |
| 29:34 | Crear | Villager (Male) |
| 29:50 | Crear | Villager (Male) |
| 30:13 | Construir | Mining Camp |
| 30:17 | Crear | Villager (Male) |
| 30:17 | Crear | Villager (Male) |
| 30:17 | Crear | Villager (Male) |
| 30:17 | Crear | Villager (Male) |
| 30:18 | Crear | Villager (Male) |
| 30:37 | Crear | Skirmisher ×3 |
| 30:37 | Crear | Skirmisher ×3 |
| 30:37 | Crear | Skirmisher ×3 |
| 30:50 | Crear | Skirmisher ×2 |
| 30:51 | Crear | Skirmisher |
| 30:51 | Crear | Skirmisher |
| 31:08 | Construir | Market |
| 32:10 | Investigar | Castle Age |
| 32:36 | Crear | Skirmisher ×3 |
| 32:36 | Crear | Skirmisher ×3 |
| 34:28 | Construir | Mining Camp |
| 34:56 | Crear | Skirmisher ×5 |
| 34:56 | Crear | Skirmisher ×5 |
| 34:57 | Crear | Skirmisher |
| 34:57 | Crear | Skirmisher |
| 35:05 | Investigar | Fletching |
| 35:17 | Crear | Skirmisher |
| 35:47 | Construir | Town Center |
| 36:49 | Crear | Villager (Male) |
| 36:49 | Crear | Villager (Male) |
| 36:50 | Crear | Villager (Male) |
| 36:50 | Crear | Villager (Male) |
| 36:50 | Crear | Villager (Male) |
| 36:50 | Crear | Villager (Male) |
Build order — PNLN | Baiano
Primeras 150 de 471 acciones detectadas
| 0:25 | Construir | Town Center |
| 0:51 | Construir | House |
| 2:55 | Construir | House |
| 2:59 | Crear | Villager (Male) |
| 2:59 | Crear | Villager (Male) |
| 3:00 | Crear | Villager (Male) |
| 3:00 | Crear | Villager (Male) |
| 3:00 | Crear | Villager (Male) |
| 4:43 | Crear | Villager (Male) |
| 4:44 | Crear | Villager (Male) |
| 5:07 | Crear | Villager (Male) |
| 5:19 | Crear | Villager (Male) |
| 6:06 | Crear | Villager (Male) |
| 6:06 | Crear | Villager (Male) |
| 6:58 | Construir | House |
| 6:59 | Construir | House |
| 7:04 | Crear | Villager (Male) |
| 7:04 | Crear | Villager (Male) |
| 7:31 | Investigar | Loom |
| 7:31 | Crear | Villager (Male) |
| 7:42 | Construir | House |
| 7:59 | Crear | Villager (Male) |
| 8:09 | Crear | Villager (Male) |
| 8:10 | Crear | Villager (Male) |
| 8:51 | Construir | House |
| 9:16 | Crear | Villager (Male) |
| 9:38 | Crear | Villager (Male) |
| 10:33 | Construir | Mill |
| 11:00 | Crear | Villager (Male) |
| 11:03 | Crear | Villager (Male) |
| 11:33 | Crear | Villager (Male) |
| 11:38 | Construir | Lumber Camp |
| 11:41 | Crear | Villager (Male) |
| 12:09 | Investigar | Feudal Age |
| 12:21 | Construir | Mining Camp |
| 13:04 | Crear | Villager (Male) |
| 13:04 | Crear | Villager (Male) |
| 13:05 | Crear | Villager (Male) |
| 13:45 | Construir | House |
| 13:52 | Construir | House |
| 14:09 | Construir | House |
| 14:12 | Construir | House |
| 14:25 | Edad | Edad Feudal |
| 14:39 | Construir | House |
| 14:52 | Construir | House |
| 15:20 | Construir | House |
| 15:33 | Construir | Market |
| 15:37 | Construir | Blacksmith |
| 15:38 | Crear | Villager (Male) |
| 16:03 | Construir | Building 804 |
| 16:12 | Crear | Villager (Male) |
| 16:13 | Crear | Villager (Male) |
| 16:41 | Crear | Villager (Male) |
| 17:10 | Investigar | Castle Age |
| 17:49 | Construir | Palisade Gate |
| 17:53 | Construir | House |
| 17:58 | Construir | Barracks |
| 18:17 | Investigar | Tech 1014 |
| 18:29 | Crear | Villager (Male) |
| 18:29 | Crear | Villager (Male) |
| 18:32 | Investigar | Double-Bit Axe |
| 18:53 | Crear | Villager (Male) |
| 18:56 | Investigar | Gold Mining |
| 19:05 | Construir | Stable |
| 19:31 | Construir | Pasture |
| 19:40 | Construir | House |
| 19:41 | Construir | House |
| 19:42 | Construir | House |
| 19:48 | Construir | House |
| 19:50 | Edad | Edad de los Castillos |
| 20:06 | Crear | Steppe Lancer ×3 |
| 20:11 | Crear | Villager (Male) |
| 20:48 | Construir | Pasture |
| 20:52 | Crear | Villager (Male) |
| 21:27 | Crear | Villager (Male) |
| 21:40 | Construir | Town Center |
| 21:46 | Crear | Villager (Male) |
| 21:46 | Crear | Villager (Male) |
| 22:15 | Construir | Pasture |
| 22:24 | Crear | Villager (Male) |
| 22:24 | Crear | Villager (Male) |
| 22:54 | Crear | Villager (Male) |
| 23:04 | Crear | Villager (Male) |
| 23:24 | Construir | Town Center |
| 23:26 | Crear | Villager (Male) |
| 23:44 | Crear | Villager (Male) |
| 23:58 | Crear | Villager (Male) |
| 24:07 | Construir | Pasture |
| 24:19 | Crear | Villager (Male) |
| 24:19 | Crear | Villager (Male) |
| 24:20 | Crear | Villager (Male) |
| 24:44 | Crear | Villager (Male) |
| 25:00 | Construir | Pasture |
| 25:01 | Construir | Pasture |
| 25:01 | Construir | Pasture |
| 25:07 | Crear | Villager (Male) |
| 25:07 | Crear | Villager (Male) |
| 25:08 | Crear | Villager (Male) |
| 25:26 | Construir | House |
| 25:36 | Crear | Villager (Male) |
| 25:36 | Crear | Villager (Male) |
| 25:38 | Crear | Villager (Male) |
| 25:58 | Investigar | Forging |
| 26:17 | Crear | Villager (Male) |
| 26:17 | Crear | Villager (Male) |
| 26:18 | Crear | Villager (Male) |
| 26:18 | Crear | Villager (Male) |
| 26:18 | Crear | Villager (Male) |
| 26:18 | Crear | Villager (Male) |
| 26:21 | Crear | Villager (Male) |
| 26:21 | Crear | Villager (Male) |
| 26:51 | Crear | Villager (Male) |
| 26:51 | Crear | Villager (Male) |
| 26:51 | Crear | Villager (Male) |
| 26:56 | Construir | Pasture |
| 26:59 | Construir | Pasture |
| 27:01 | Crear | Villager (Male) |
| 27:01 | Crear | Villager (Male) |
| 27:02 | Crear | Villager (Male) |
| 27:09 | Construir | Stable |
| 27:10 | Crear | Villager (Male) |
| 27:11 | Crear | Villager (Male) |
| 27:11 | Crear | Villager (Male) |
| 27:12 | Crear | Villager (Male) |
| 27:17 | Construir | Pasture |
| 27:18 | Crear | Villager (Male) |
| 27:19 | Crear | Villager (Male) |
| 27:19 | Crear | Villager (Male) |
| 27:32 | Crear | Villager (Male) |
| 27:32 | Crear | Villager (Male) |
| 27:42 | Crear | Villager (Male) |
| 27:42 | Crear | Villager (Male) |
| 27:49 | Construir | Pasture |
| 27:52 | Crear | Villager (Male) |
| 27:53 | Crear | Villager (Male) |
| 27:53 | Crear | Villager (Male) |
| 28:01 | Crear | Villager (Male) |
| 28:07 | Crear | Villager (Male) |
| 28:08 | Crear | Villager (Male) |
| 28:14 | Construir | House |
| 28:15 | Construir | House |
| 28:16 | Construir | House |
| 28:17 | Construir | House |
| 28:18 | Crear | Villager (Male) |
| 28:18 | Crear | Villager (Male) |
| 28:19 | Crear | Villager (Male) |
| 28:28 | Investigar | Tech 1013 |
| 28:35 | Construir | Pasture |
| 28:36 | Crear | Villager (Male) |
| 28:36 | Crear | Villager (Male) |
Build order — PNLN | John
Primeras 150 de 536 acciones detectadas
| 0:28 | Construir | Town Center |
| 0:39 | Construir | House |
| 1:02 | Construir | House |
| 3:02 | Crear | Villager (Male) |
| 3:02 | Crear | Villager (Male) |
| 3:02 | Crear | Villager (Male) |
| 3:03 | Crear | Villager (Male) |
| 3:03 | Crear | Villager (Male) |
| 4:44 | Crear | Villager (Male) |
| 4:45 | Crear | Villager (Male) |
| 5:10 | Crear | Villager (Male) |
| 5:11 | Crear | Villager (Male) |
| 6:09 | Crear | Villager (Male) |
| 6:10 | Crear | Villager (Male) |
| 6:36 | Crear | Villager (Male) |
| 6:37 | Crear | Villager (Male) |
| 6:51 | Investigar | Loom |
| 8:03 | Crear | Villager (Male) |
| 8:03 | Crear | Villager (Male) |
| 8:03 | Crear | Villager (Male) |
| 8:04 | Crear | Villager (Male) |
| 9:01 | Construir | Mill |
| 9:07 | Construir | House |
| 9:13 | Construir | House |
| 9:21 | Construir | House |
| 9:29 | Construir | House |
| 9:38 | Construir | Palisade Wall |
| 9:52 | Crear | Villager (Male) |
| 9:53 | Crear | Villager (Male) |
| 9:53 | Crear | Villager (Male) |
| 9:53 | Crear | Villager (Male) |
| 9:53 | Crear | Villager (Male) |
| 10:39 | Crear | Villager (Male) |
| 11:09 | Crear | Villager (Male) |
| 11:10 | Crear | Villager (Male) |
| 11:23 | Construir | Palisade Wall |
| 11:36 | Construir | Mill |
| 12:27 | Construir | Lumber Camp |
| 12:40 | Construir | House |
| 13:07 | Construir | Mill |
| 13:20 | Investigar | Feudal Age |
| 13:37 | Construir | House |
| 14:03 | Construir | House |
| 14:18 | Crear | Villager (Male) |
| 14:19 | Crear | Villager (Male) |
| 15:19 | Construir | House |
| 15:26 | Construir | Palisade Wall |
| 15:30 | Edad | Edad Feudal |
| 15:37 | Construir | Blacksmith |
| 15:40 | Construir | Market |
| 16:14 | Construir | House |
| 16:30 | Crear | Villager (Male) |
| 16:30 | Crear | Villager (Male) |
| 16:57 | Construir | Palisade Wall |
| 17:03 | Crear | Villager (Male) |
| 17:27 | Construir | Town Center |
| 17:45 | Construir | Palisade Wall |
| 17:48 | Construir | Palisade Gate |
| 17:53 | Crear | Villager (Male) |
| 17:57 | Investigar | Double-Bit Axe |
| 18:22 | Construir | Building 796 |
| 18:33 | Crear | Villager (Male) |
| 18:33 | Crear | Villager (Male) |
| 19:02 | Investigar | Castle Age |
| 19:02 | Investigar | Castle Age |
| 19:10 | Construir | House |
| 19:14 | Construir | Palisade Wall |
| 19:24 | Construir | Mill |
| 19:42 | Crear | Villager (Male) |
| 20:03 | Crear | Villager (Male) |
| 20:03 | Crear | Villager (Male) |
| 20:04 | Crear | Villager (Male) |
| 20:04 | Crear | Villager (Male) |
| 20:20 | Construir | House |
| 20:41 | Construir | Barracks |
| 21:34 | Crear | Villager (Male) |
| 21:35 | Crear | Villager (Male) |
| 21:42 | Edad | Edad de los Castillos |
| 21:53 | Construir | Stable |
| 21:55 | Crear | Villager (Male) |
| 21:56 | Crear | Villager (Male) |
| 22:22 | Construir | Town Center |
| 22:36 | Construir | Farm |
| 22:36 | Construir | Farm |
| 22:36 | Construir | Farm |
| 22:37 | Construir | Farm |
| 22:37 | Construir | Farm |
| 22:37 | Construir | Farm |
| 22:37 | Construir | Farm |
| 22:51 | Construir | Farm |
| 22:51 | Construir | Farm |
| 22:51 | Construir | Farm |
| 22:52 | Construir | Farm |
| 22:52 | Construir | Farm |
| 22:52 | Construir | Farm |
| 22:52 | Construir | Farm |
| 22:53 | Construir | Farm |
| 22:53 | Construir | Farm |
| 22:53 | Construir | Farm |
| 22:53 | Construir | Farm |
| 22:54 | Construir | Farm |
| 22:54 | Construir | Farm |
| 23:09 | Construir | House |
| 23:10 | Construir | House |
| 23:15 | Investigar | Bloodlines |
| 23:18 | Investigar | Scale Barding Armor |
| 23:18 | Investigar | Forging |
| 23:40 | Construir | Farm |
| 23:40 | Construir | Farm |
| 23:43 | Crear | Villager (Male) |
| 23:49 | Construir | House |
| 23:50 | Construir | House |
| 23:51 | Construir | House |
| 23:56 | Crear | Villager (Male) |
| 24:14 | Construir | Farm |
| 24:14 | Construir | Farm |
| 24:22 | Construir | Farm |
| 24:22 | Construir | Farm |
| 24:22 | Construir | Farm |
| 24:23 | Construir | Farm |
| 24:24 | Construir | Farm |
| 24:24 | Construir | Farm |
| 24:25 | Construir | Farm |
| 24:25 | Construir | Farm |
| 24:25 | Construir | Farm |
| 24:31 | Construir | Farm |
| 24:33 | Construir | Farm |
| 25:05 | Crear | Villager (Male) |
| 25:06 | Crear | Villager (Male) |
| 25:06 | Crear | Villager (Male) |
| 25:10 | Crear | Villager (Male) |
| 25:10 | Crear | Villager (Male) |
| 25:10 | Crear | Villager (Male) |
| 25:14 | Investigar | Horse Collar |
| 25:20 | Construir | Farm |
| 25:21 | Construir | Farm |
| 25:21 | Construir | Farm |
| 25:21 | Construir | Farm |
| 25:22 | Construir | Farm |
| 25:22 | Construir | Farm |
| 25:22 | Construir | Farm |
| 25:40 | Construir | Mining Camp |
| 25:42 | Crear | Villager (Male) |
| 25:42 | Crear | Villager (Male) |
| 25:44 | Crear | Camel Scout |
| 25:44 | Crear | Camel Scout |
| 25:50 | Crear | Knight |
| 25:53 | Crear | Villager (Male) |
| 25:53 | Crear | Villager (Male) |
| 25:59 | Crear | Scout Cavalry |
Cronología de la partida
| 7:18 | [iBR] tyyr ironside · wall_segment Palisade Wall x1 |
| 8:53 | [iBR] tyyr ironside · first_building Barracks |
| 9:29 | BiduZera_ · wall_segment Palisade Wall x2 |
| 9:32 | PUMIO · first_building Barracks |
| 9:38 | PNLN | John · wall_segment Palisade Wall x4 |
| 11:23 | PNLN | John · wall_segment Palisade Wall x6 |
| 12:08 | PNLN | RobiurasRox · wall_segment Palisade Wall x4 |
| 12:55 | BiduZera_ · first_building Barracks |
| 13:22 | BiduZera_ · age_up feudal |
| 13:22 | PNLN | Maromba_aoe · age_up feudal |
| 13:39 | PNLN | RobiurasRox · wall_segment Palisade Wall x6 |
| 13:42 | [iBR] tyyr ironside · age_up feudal |
| 13:45 | [iBR] tyyr ironside · first_building Stable |
| 13:56 | PNLN | RobiurasRox · age_up feudal |
| 14:02 | BiduZera_ · first_building Archery Range |
| 14:07 | PUMIO · wall_segment Palisade Wall x13 |
| 14:25 | PNLN | Baiano · age_up feudal |
| 14:27 | PNLN | Maromba_aoe · wall_segment Palisade Wall x1 |
| 14:30 | PNLN | Maromba_aoe · wall_segment Palisade Wall x1 |
| 14:33 | PNLN | Maromba_aoe · wall_segment Palisade Wall x1 |
| 14:38 | FFandangos · age_up feudal |
| 14:46 | PNLN | Maromba_aoe · wall_segment Palisade Wall x2 |
| 15:04 | PNLN | Maromba_aoe · wall_segment Palisade Wall x1 |
| 15:05 | PNLN | Maromba_aoe · wall_segment Palisade Wall x1 |
| 15:26 | PNLN | John · wall_segment Palisade Wall x5 |
| 15:30 | PNLN | John · age_up feudal |
| 15:32 | PUMIO · age_up feudal |
| 15:38 | PNLN | RobiurasRox · wall_segment Palisade Wall x8 |
| 16:10 | FFandangos · first_building Barracks |
| 16:36 | PNLN | Maromba_aoe · first_market_buy 100 food |
| 16:50 | PUMIO · wall_segment Palisade Wall x2 |
| 16:56 | PNLN | Maromba_aoe · age_up castle |
| 16:57 | PNLN | John · wall_segment Palisade Wall x13 |
| 17:12 | PNLN | Maromba_aoe · first_building Castle |
| 17:26 | PNLN | RobiurasRox · wall_segment Palisade Wall x1 |
| 17:32 | PNLN | RobiurasRox · wall_segment Palisade Wall x7 |
| 17:45 | PNLN | John · wall_segment Palisade Wall x13 |
| 17:58 | BiduZera_ · wall_segment Palisade Wall x1 |
| 17:58 | PNLN | Baiano · first_building Barracks |
| 18:05 | PNLN | RobiurasRox · age_up castle |
| 18:12 | PNLN | RobiurasRox · wall_segment Palisade Wall x8 |
| 18:18 | PNLN | RobiurasRox · wall_segment Palisade Wall x14 |
| 18:47 | PNLN | RobiurasRox · first_market_buy 100 wood |
| 18:56 | PUMIO · first_building Archery Range |
| 19:05 | PNLN | Baiano · first_building Stable |
| 19:14 | PNLN | John · wall_segment Palisade Wall x5 |
| 19:24 | PNLN | RobiurasRox · wall_segment Palisade Wall x8 |
| 19:50 | PNLN | Baiano · age_up castle |
| 20:25 | PNLN | RobiurasRox · wall_segment Palisade Wall x7 |
| 20:41 | PNLN | John · first_building Barracks |
| 21:42 | PNLN | John · age_up castle |
| 21:53 | PNLN | John · first_building Stable |
| 22:08 | PNLN | John · first_market_buy 100 wood |
| 24:23 | PNLN | RobiurasRox · first_building Castle |
| 24:29 | [iBR] tyyr ironside · age_up castle |
| 25:15 | BiduZera_ · wall_segment Stone Wall x1 |
| 25:16 | BiduZera_ · wall_segment Stone Wall x1 |
| 25:54 | PNLN | Baiano · first_market_buy 100 food |
| 26:01 | PNLN | Maromba_aoe · first_building Barracks |
| 26:04 | BiduZera_ · first_market_sell 100 wood |
| 26:05 | BiduZera_ · first_market_buy 100 food |
| 26:30 | FFandangos · age_up castle |
| 26:45 | PNLN | RobiurasRox · first_building Siege Workshop |
| 27:04 | BiduZera_ · wall_segment Stone Wall x1 |
| 27:07 | BiduZera_ · wall_segment Stone Wall x1 |
| 27:08 | BiduZera_ · wall_segment Stone Wall x1 |
| 27:13 | PNLN | Maromba_aoe · first_building Stable |
| 28:43 | PNLN | John · first_market_sell 100 wood |
| 28:56 | BiduZera_ · age_up castle |
| 29:17 | PNLN | RobiurasRox · first_market_sell 100 wood |
| 29:42 | PNLN | Baiano · first_building Castle |
| 29:56 | BiduZera_ · first_building Siege Workshop |
| 31:33 | PNLN | Maromba_aoe · wall_segment Palisade Wall x1 |
| 31:34 | PNLN | Maromba_aoe · wall_segment Palisade Wall x1 |
| 31:44 | PNLN | Maromba_aoe · wall_segment Palisade Wall x1 |
| 31:49 | PUMIO · first_market_buy 100 food |
| 31:52 | PUMIO · first_market_sell 100 wood |
| 33:25 | PNLN | Maromba_aoe · first_building Archery Range |
| 33:29 | FFandangos · first_building Monastery |
| 35:01 | PNLN | RobiurasRox · first_building Barracks |
| 35:35 | PNLN | John · first_building Castle |
| 35:55 | PNLN | Maromba_aoe · first_building Monastery |
| 37:09 | PNLN | Maromba_aoe · first_market_sell 500 food |
| 37:24 | PNLN | Baiano · first_market_sell 500 stone |
| 37:33 | [iBR] tyyr ironside · first_building Castle |
| 38:15 | PNLN | RobiurasRox · first_building Archery Range |
| 38:35 | FFandangos · first_building Siege Workshop |
| 38:40 | PNLN | John · first_building Archery Range |
| 39:13 | PNLN | RobiurasRox · age_up imperial |
| 39:19 | BiduZera_ · first_building Castle |
| 39:42 | PNLN | Baiano · age_up imperial |
| 40:49 | PNLN | Maromba_aoe · age_up imperial |
| 41:09 | PUMIO · age_up castle |
| 41:58 | FFandangos · age_up imperial |
| 43:07 | PNLN | Maromba_aoe · first_building Siege Workshop |
| 43:51 | PNLN | John · age_up imperial |
| 45:12 | PNLN | Baiano · first_building Siege Workshop |
| 45:50 | [iBR] tyyr ironside · age_up imperial |
| 47:09 | BiduZera_ · age_up imperial |
| 48:30 | FFandangos · first_building Castle |
| 48:53 | [iBR] tyyr ironside · first_market_sell 100 wood |
| 50:34 | PNLN | RobiurasRox · first_building Stable |
| 55:18 | FFandangos · first_market_sell 500 wood |
| 55:31 | PNLN | RobiurasRox · tribute_sent a jugador 2 |
| 55:31 | PNLN | RobiurasRox · tribute_sent a jugador 3 |
| 55:31 | PNLN | RobiurasRox · tribute_sent a jugador 4 |
| 55:31 | PNLN | RobiurasRox · tribute_sent a jugador 5 |
| 55:31 | PNLN | RobiurasRox · tribute_sent a jugador 6 |
| 55:31 | PNLN | RobiurasRox · tribute_sent a jugador 7 |
| 55:31 | PNLN | RobiurasRox · tribute_sent a jugador 8 |
| 57:16 | [iBR] tyyr ironside · resign |
| 59:57 | PNLN | Baiano · tribute_sent a jugador 1 |
| 59:57 | PNLN | Baiano · tribute_sent a jugador 2 |
| 59:57 | PNLN | Baiano · tribute_sent a jugador 3 |
| 59:57 | PNLN | Baiano · tribute_sent a jugador 4 |
| 59:57 | PNLN | Baiano · tribute_sent a jugador 5 |
| 59:57 | PNLN | Baiano · tribute_sent a jugador 6 |
| 59:57 | PNLN | Baiano · tribute_sent a jugador 8 |
[ ANÁLISIS IA · 1 CRÉDITO ]
¿Qué pasó realmente en esta partida?
Wolo.gg analiza cada decisión: build order, eco, micro, errores típicos por bracket. Análisis personalizado por WhatsApp o Discord en 30 segundos.
Guía civ
Francos
Guía mapa
Land Nomad
Perfil
Jugador #344643